 Dungeon Crawl Stone Soup version 0.25-a0-35-g747a2b3c0c (webtiles) character file.

Game seed: 5725990127979055809, levelgen mode: deterministic

51 Arixos the Skirmisher (level 3, -3/29 HPs)
             Began as a Demonspawn Monk on Oct 19, 2019.
             Slain by a gnoll (8 damage)
             ... on level 2 of the Dungeon.
             The game lasted 00:02:58 (1161 turns).

Arixos the Skirmisher (Demonspawn Monk)             Turns: 1161, Time: 00:02:59

Health: -3/29      AC:  2    Str: 12    XL:     3   Next: 57%
Magic:  3/3        EV: 13    Int: 11    God:
Gold:   38         SH:  0    Dex: 15    Spells: 2/2 levels left

rFire    . . .     SeeInvis .   f - +1 dagger (flame)
rCold    . . .     Gourm    .   (no shield)
rNeg     . . .     Faith    .   a - +0 robe
rPois    .         Spirit   .   (no helmet)
rElec    .         Reflect  .   (no cloak)
rCorr    .         Harm     .   (no gloves)
MR       .....                  (no boots)
Stlth    ++........             (no amulet)
HPRegen  0.09/turn              (no ring)
MPRegen  0.08/turn              (no ring)

@: no status effects
A: claws 2
a: no special abilities


You were on level 2 of the Dungeon.
You were not hungry.

You visited 1 branch of the dungeon, and saw 2 of its levels.

You collected 38 gold pieces.

Inventory:

Hand Weapons
 f - a +1 dagger of flaming (weapon)
Armour
 a - a +0 robe (worn)
Scrolls
 c - 2 scrolls of teleportation {unknown}
 d - a scroll of identify {unknown}
 g - a scroll of remove curse {unknown}
Potions
 e - 2 potions of curing {unknown}
Comestibles
 b - 5 rations
 h - a chunk of flesh


   Skills:
 + Level 3.5 Fighting
 + Level 1.3 Armour
 + Level 3.2 Dodging
 - Level 1.7 Stealth
 + Level 3.0 Unarmed Combat


You had 2 spell levels left.
You didn't know any spells.
Your spell library was empty.

Dungeon Overview and Level Annotations

Branches:
Dungeon (2/15)

Altars:


Innate Abilities, Weirdness & Mutations

You have very sharp fingernails.


Message History

You hit the gnoll but do no damage.
The gnoll is almost dead.
The gnoll barely misses you.
You hit the gnoll but do no damage.
The gnoll is almost dead.
The gnoll hits you but does no damage.
You hit the gnoll but do no damage.
The gnoll is almost dead.
The gnoll barely misses you.
You hit the gnoll but do no damage.
The gnoll is almost dead.
The gnoll hits you.
* * * LOW HITPOINT WARNING * * *
You completely miss the gnoll.
The gnoll is almost dead.
The gnoll closely misses you.
You hit the gnoll but do no damage.
The gnoll is almost dead.
The gnoll hits you!
You die...

.# .# .# ### .# #.. .#
#.##### ## .# #.#.....
.. .####
#.#.#.######.#####
#.#.## #
#.#...g@..........
.....#
#.#.#.#.#).$....####
....## #.#.#.#.#.##....#
>....# #.....#.........#
....######.).#.#.#.....#
.............#.#.#.....#
....#######..#.#.#.....#
.............#.#.......#
#.#.#######.## ### #..


You could see a gnoll.

Vanquished Creatures
  2 gnolls (D:2)
  An adder (D:2)
  An ooze (D:2)
  2 giant cockroaches (D:2)
  A goblin (D:1)
  2 hobgoblins (D:1)
  2 bats
  5 frilled lizards
  3 kobolds (D:2)
  3 rats
22 creatures vanquished.

Notes
Turn   | Place    | Note
-------+----------+-------------------------------------------
     0 | D:1      | Arixos the Demonspawn Monk began the quest for the Orb.
     0 | D:1      | Reached XP level 1. HP: 18/18 MP: 1/1
   795 | D:2      | Gained mutation: You have sharp fingernails. [demonic
                  | ancestry]
   795 | D:2      | Reached XP level 2. HP: 24/24 MP: 2/2
   882 | D:2      | Reached skill level 1 in Armour
   884 | D:2      | Gained mutation: You have very sharp fingernails. [demonic
                  | ancestry]
   884 | D:2      | Reached XP level 3. HP: 14/29 MP: 3/3
  1161 | D:2      | Slain by a gnoll

Levels and vault maps discovered:
D:1:      eino_arrival_cavern_a, layout_basic
D:2:      layout_basic, st_stairs_4

Skill      XL: |  1  2  3 |
---------------+----------+-----
Dodging        | 3 |  3.2
Armour         | 1 |  1.3
Unarmed Combat | 3 |  3.0
Fighting       | |  3.5
Stealth        | |  1.7

Action                   || total
-------------------------++-------
Melee: Dagger            ||    74
       Unarmed           ||     9
       Punch             ||     1
 Stab: Sleeping          ||     3
  Eat: Chunk             ||     1
Armor: Robe              ||    17
Dodge: Dodged            ||    63

Table legend:
 A = Non-vault XP
 B = Vault XP
 C = Vault XP percentage of total XP
 D = Non-vault monster count
 E = Vault monster count
 F = Vault count percentage of total count
                 A         B        C        D         E       F
            +---------+---------+-------+---------+---------+-------
      Total |      68 |       5 |   6.8 |      19 |       3 |  13.6
            +---------+---------+-------+---------+---------+-------
        D:1 |      10 |       0 |   0.0 |       7 |       0 |   0.0
        D:2 |      58 |       5 |   7.9 |      12 |       3 |  20.0
            +---------+---------+-------+---------+---------+-------
